[Event "Titled Tuesday Blitz November 07 Late 2023"]
[White "Kujawski, Adam"]
[Black "Silva Lucena, Cristian"]
[WhiteFideId "1100920"]
[BlackFideId "2232588"]
[WhiteElo "2369"]
[BlackElo "2509"]
[Result "1/2-1/2"]
[Round "6"]
[TimeControl "180+1"]
[Date "2023.11.07"]
[WhiteClock "0:00:10"]
[BlackClock "0:00:39"]
[Board "91"]

1. e4 e5 2. Nf3 Nf6 3. d4 Nxe4 4. Bd3 d5 5. Nxe5 Bd6 6. O-O Nf6 7. c4 dxc4 8. Bxc4 O-O 9. Nc3 Nbd7 10. f4 Nb6 11. Bb3 c5 12. Be3 cxd4 13. Qxd4 Qe7 14. Rad1 Bxe5 15. Qxe5 Qxe5 16. fxe5 Ng4 17. Bc5 Be6 18. Bxf8 Bxb3 19. axb3 Rxf8 20. Rfe1 Re8 21. Nd5 Na8 22. Ne7+ Kf8 23. Nf5 Nxe5 24. Nd6 Re7 25. Nxb7 Rxb7 26. Rxe5 Rb8 27. Rd7 Nb6 28. Rxa7 Nc8 29. Rc7 Nd6 30. Rd5 Rb6 31. Rd7 Nb7 32. Rd3 g6 33. Rc7 Nd6 34. Rd7 Ne4 35. Rd8+ Kg7 36. h3 h5 37. R8d5 h4 38. Kh2 Rc6 39. Re5 Ng3 40. Red5 Rc1 41. Rd1 Rc2 42. Rg5 f5 43. Rxg3 hxg3+ 44. Kxg3 Rxb2 45. Rd3 Kf6 46. Kf3 g5 47. Rc3 Ke5 48. g3 Kd4 49. Rc4+ Kd5 50. Rc3 Rb1 51. Re3 Kd4 52. Re2 Rxb3+ 53. Kg2 Kd5 54. Rf2 Ke4 55. Re2+ Re3 56. Rxe3+ Kxe3 57. h4 gxh4 58. gxh4 Ke2 59. Kg3 Ke3 60. Kg2 Kf4 61. Kf2 Kg4 62. h5 Kxh5 63. Kg3 Kg5 64. Kf3 Kg6 65. Kf4 Kf6 66. Kf3 Kf7 67. Kf4 Ke6 68. Kf3 Kf6 69. Kf4 Kg6 70. Kf3 Kg5 71. Kg3 Kh5 72. Kf4 Kg6 73. Kf3 Kg5 74. Kg3 f4+ 75. Kf3 Kf5 76. Kf2 Ke4 77. Ke2 Kd4 78. Kf3 Ke5 79. Kf2 Kf6 80. Kf3 Kf5 81. Kf2 Kg4 82. Kg2 Kg5 83. Kf3 Kf5 1/2-1/2


[Site "https://www.chess.com"]

[Event "Titled Tuesday Blitz November 07 Late 2023"]
[White "Becerra, Juan David"]
[Black "Pasti, Aron"]
[WhiteFideId "4404998"]
[BlackFideId "785857"]
[WhiteElo "2365"]
[BlackElo "2501"]
[Result "1-0"]
[Round "6"]
[TimeControl "180+1"]
[Date "2023.11.07"]
[WhiteClock "0:00:56"]
[BlackClock "0:02:14"]
[Board "92"]

1. d4 Nf6 2. Nc3 d5 3. Bf4 a6 4. Nf3 Bf5 5. e3 c5 6. Bd3 Bxd3 7. cxd3 cxd4 8. Nxd4 Nc6 9. Qa4 Qd7 10. Nxc6 bxc6 11. d4 e6 12. O-O Bd6 13. Bg3 O-O 14. Rac1 Rfc8 15. b4 a5 16. bxa5 Bxg3 17. hxg3 Qc7 18. a6 Qb6 19. Rb1 Qxa6 20. Qb4 Qa3 21. Rfc1 g5 22. Rb3 Qxb4 23. Rxb4 c5 24. dxc5 Rxc5 25. Ne2 Rca5 26. Rc7 Rxa2 27. Nc1 R2a7 28. Rxa7 Rxa7 29. Nd3 Ra1+ 30. Kh2 Ng4+ 31. Rxg4 h5 32. Rxg5+ Kf8 33. Rxh5 Ke7 34. Nf4 1-0


[Site "https://www.chess.com"]

[Event "Titled Tuesday Blitz November 07 Late 2023"]
[White "Musovic, Armin"]
[Black "Skaric, Djuro"]
[WhiteFideId "939935"]
[BlackFideId "934569"]
[WhiteElo "2496"]
[BlackElo "2364"]
[Result "1-0"]
[Round "6"]
[TimeControl "180+1"]
[Date "2023.11.07"]
[WhiteClock "0:00:08"]
[BlackClock "0:00:00"]
[Board "93"]

1. e4 d6 2. Nc3 g6 3. a3 Bg7 4. Bc4 Nf6 5. d3 O-O 6. Nge2 Nc6 7. Ba2 h6 8. O-O e5 9. h3 Kh7 10. f4 exf4 11. Nxf4 Ne5 12. Be3 b6 13. Qd2 c6 14. Rf2 c5 15. Raf1 Nfg4 16. hxg4 Nxg4 17. Nfe2 Qh4 18. g3 Qd8 19. Rxf7 Rxf7 20. Rxf7 Qe8 21. Nf4 Ne5 22. Rxg7+ Kxg7 23. Qg2 Bg4 24. Bd5 Rd8 25. Kf2 g5 26. Nce2 Qd7 27. Ng1 gxf4 28. gxf4 Ng6 29. f5 Ne5 30. d4 Rf8 31. dxe5 h5 32. Nf3 Rxf5 33. exf5 Qxf5 34. Qg3 Qxc2+ 35. Kg1 Qd1+ 36. Kh2 Qxd5 37. exd6 Kf7 38. Ne5+ Ke6 39. Nxg4 hxg4 40. Qxg4+ Kxd6 41. Bf4+ Kc6 42. Qc8+ Kb5 43. Qe8+ Ka5 44. Qe2 b5 45. Bd2+ Ka6 46. Qg2 Qh5+ 47. Kg1 Qd1+ 48. Kh2 Qh5+ 49. Kg3 Qg6+ 50. Kf2 Qd3 51. Ke1 Qd6 52. Qe4 Kb6 53. a4 bxa4 54. Qxa4 a6 55. Qa5+ Kb7 56. Qc3 Qe6+ 57. Kd1 Qd5 58. Kc1 Kc6 59. Kc2 c4 60. Qb4 Qb5 61. Qxb5+ Kxb5 62. Kc3 a5 63. Bh6 a4 64. Bf8 1-0


[Site "https://www.chess.com"]

[Event "Titled Tuesday Blitz November 07 Late 2023"]
[White "Marcziter, Dmitrii"]
[Black "Osmak, Yuliia"]
[WhiteFideId "13900765"]
[BlackFideId "14101602"]
[WhiteElo "2348"]
[BlackElo "2494"]
[Result "0-1"]
[Round "6"]
[TimeControl "180+1"]
[Date "2023.11.07"]
[WhiteClock "0:00:10"]
[BlackClock "0:01:02"]
[Board "94"]

1. d4 f5 2. e4 fxe4 3. Nc3 Nf6 4. Bg5 g6 5. f3 d5 6. Bxf6 exf6 7. fxe4 dxe4 8. Nxe4 f5 9. Ng3 Bg7 10. Nf3 O-O 11. Be2 Nc6 12. c3 Be6 13. O-O Bd5 14. Qd2 f4 15. Nh1 g5 16. Nf2 h6 17. Nd3 Qd6 18. h3 Rae8 19. Nh2 Re3 20. Bf3 Bc4 21. Be2 Rfe8 22. Rf2 Nxd4 23. cxd4 Qxd4 24. Nf3 Rxe2 25. Nxd4 Rxd2 26. Rxd2 Bxd4+ 27. Kh1 c5 28. Re1 Re3 29. Nf2 Rxe1+ 30. Kh2 Bxf2 31. Rxf2 Re2 32. Rxe2 Bxe2 33. b3 c4 34. bxc4 Bxc4 35. a3 b5 36. Kg1 a5 37. Kf2 b4 38. axb4 axb4 39. Ke1 b3 40. Kd2 Bf1 41. Kc3 Bxg2 42. Kxb3 Bxh3 43. Kc4 f3 44. Kd4 f2 45. Ke4 f1=Q 46. Kd4 g4 0-1


[Site "https://www.chess.com"]

[Event "Titled Tuesday Blitz November 07 Late 2023"]
[White "Jarocka, Liwia"]
[Black "Czerw, Dawid"]
[WhiteFideId "21807558"]
[BlackFideId "1145746"]
[WhiteElo "2348"]
[BlackElo "2491"]
[Result "0-1"]
[Round "6"]
[TimeControl "180+1"]
[Date "2023.11.07"]
[WhiteClock "0:00:00"]
[BlackClock "0:00:01"]
[Board "95"]

1. e4 c5 2. Nf3 g6 3. d4 cxd4 4. Nxd4 Nc6 5. Nc3 Bg7 6. Be3 Nf6 7. Bc4 O-O 8. Bb3 Re8 9. f3 e6 10. f4 d6 11. Qf3 Bd7 12. O-O-O Qb8 13. Kb1 a6 14. h3 b5 15. g4 Nxd4 16. Bxd4 Bc6 17. g5 Nh5 18. Bxg7 Nxg7 19. Rhe1 a5 20. a4 bxa4 21. Bxa4 Bxa4 22. Nxa4 Re7 23. b3 Rb7 24. Qd3 Rb4 25. Ka2 Ne8 26. f5 Qb7 27. h4 Rb8 28. Rb1 Nc7 29. c4 Qc6 30. Nc3 a4 31. fxe6 axb3+ 32. Kb2 Nxe6 33. Nd5 Qxc4 34. Nxb4 Qxb4 35. Qc3 Qb6 36. Ra1 Qf2+ 37. Kb1 Nc5 38. e5 b2 39. Ra2 Qf5+ 40. Qc2 Qh3 41. Rxb2 Rc8 0-1


[Site "https://www.chess.com"]

[Event "Titled Tuesday Blitz November 07 Late 2023"]
[White "patzersame"]
[Black "Khater, Sherif"]
[BlackFideId "2034280"]
[WhiteElo "2346"]
[BlackElo "2487"]
[Result "0-1"]
[Round "6"]
[TimeControl "180+1"]
[Date "2023.11.07"]
[WhiteClock "0:00:11"]
[BlackClock "0:00:24"]
[Board "96"]

1. e4 a6 2. Nf3 c6 3. d4 d5 4. Nc3 dxe4 5. Nxe4 Nf6 6. Qe2 Nxe4 7. Qxe4 Nd7 8. Bc4 Nf6 9. Ne5 e6 10. Qe3 c5 11. c3 cxd4 12. cxd4 Bb4+ 13. Bd2 Bxd2+ 14. Qxd2 b5 15. Bb3 Bb7 16. O-O O-O 17. Rac1 Qd6 18. Qe3 Rfd8 19. Rfd1 Rac8 20. h3 Rxc1 21. Rxc1 h6 22. Rd1 Bd5 23. Bc2 Rc8 24. Bb1 Ba8 25. Qd3 Qd5 26. f3 Bb7 27. Ng4 Nxg4 28. Qh7+ Kf8 29. hxg4 Qg5 30. d5 Rc1 31. Rxc1 Qxc1+ 32. Kh2 Bxd5 33. Be4 Qf4+ 34. Kg1 Bxe4 35. fxe4 Qxg4 36. Qh8+ Ke7 37. Qc8 Qxe4 38. Qxa6 Qd4+ 39. Kh1 Qxb2 40. Qb7+ Kf6 41. Qf3+ Kg6 42. Qe4+ Kf6 43. Qf4+ Kg6 44. Qe4+ f5 45. Qxe6+ Qf6 46. Qd5 b4 47. Qb5 Qc3 48. Qe8+ Kh7 49. Qf7 Qc1+ 50. Kh2 Qf4+ 51. Kh1 Qg4 52. Qf8 Kg6 53. Qe8+ Kg5 54. Qe7+ Kh5 55. Qf7+ g6 56. Qe7 Qe4 57. Qd8 Qe1+ 58. Kh2 Qh4+ 59. Qxh4+ Kxh4 60. g3+ Kg4 61. Kg2 f4 62. gxf4 Kxf4 0-1


[Site "https://www.chess.com"]

[Event "Titled Tuesday Blitz November 07 Late 2023"]
[White "MclarenF1LM"]
[Black "Fernandez Bustamante, Leancy B."]
[BlackFideId "3523870"]
[WhiteElo "2483"]
[BlackElo "2337"]
[Result "0-1"]
[Round "6"]
[TimeControl "180+1"]
[Date "2023.11.07"]
[WhiteClock "0:00:00"]
[BlackClock "0:00:43"]
[Board "97"]

1. e4 c5 2. Nc3 a6 3. g3 b5 4. Bg2 Bb7 5. d3 b4 6. Nd5 e6 7. Ne3 d5 8. exd5 exd5 9. Qe2 Be7 10. c4 Nf6 11. g4 Nc6 12. g5 Nd4 13. Qd1 Nd7 14. h4 Nb6 15. Ne2 O-O 16. Nxd4 cxd4 17. Nf5 Re8 18. O-O Qd7 19. Qg4 dxc4 20. dxc4 Bxg2 21. Kxg2 Qc6+ 22. Kh3 Qxc4 23. Bf4 Nd5 24. Be5 Qd3+ 25. Kh2 Bf8 26. Rae1 Ne3 27. fxe3 Rxe5 28. Qxd4 Qc2+ 29. Kg1 Rxf5 30. Rxf5 Qxf5 31. Rf1 Qe6 32. b3 Re8 33. Rf3 Bd6 34. Kg2 Qe5 35. Qa7 Qh2+ 36. Kf1 Qh1+ 37. Ke2 Qg2+ 38. Rf2 Qg4+ 39. Kf1 Qe6 40. Qb7 g6 41. e4 Re7 42. Qa8+ Kg7 43. Qxa6 Qh3+ 44. Ke2 Rxe4+ 45. Kd1 Rd4+ 46. Kc2 Qc3+ 0-1


[Site "https://www.chess.com"]

[Event "Titled Tuesday Blitz November 07 Late 2023"]
[White "Shapiro, Daniel"]
[Black "Sepulveda Rojas, Jorge"]
[WhiteFideId "2001780"]
[BlackFideId "3404803"]
[WhiteElo "2339"]
[BlackElo "2482"]
[Result "0-1"]
[Round "6"]
[TimeControl "180+1"]
[Date "2023.11.07"]
[WhiteClock "0:00:17"]
[BlackClock "0:01:23"]
[Board "98"]

1. d4 d6 2. e4 g6 3. Nc3 Bg7 4. h3 c6 5. a4 b6 6. Nge2 Bb7 7. g4 a6 8. Bg2 b5 9. axb5 cxb5 10. O-O Nd7 11. Be3 Nb6 12. Ng3 Rc8 13. Nce2 Nc4 14. Bc1 e6 15. b3 Nb6 16. Ba3 Ne7 17. f4 Qc7 18. Rc1 h5 19. f5 Bh6 20. fxe6 Be3+ 21. Kh1 hxg4 22. exf7+ Kd7 23. Nf4 Rh4 24. Nd5 Nbxd5 25. f8=Q Rxf8 26. Rxf8 Nf4 27. e5 Bxg2+ 0-1


[Site "https://www.chess.com"]

[Event "Titled Tuesday Blitz November 07 Late 2023"]
[White "Willy, Stephen"]
[Black "KorolDimitriy75"]
[WhiteFideId "30981468"]
[WhiteElo "2478"]
[BlackElo "2336"]
[Result "1/2-1/2"]
[Round "6"]
[TimeControl "180+1"]
[Date "2023.11.07"]
[WhiteClock "0:00:05"]
[BlackClock "0:00:04"]
[Board "99"]

1. e4 c5 2. c3 d5 3. exd5 Qxd5 4. d4 cxd4 5. cxd4 Nc6 6. Nf3 e5 7. Nc3 Bb4 8. Bd2 Bxc3 9. Bxc3 e4 10. Ne5 Nxe5 11. dxe5 Ne7 12. Be2 O-O 13. O-O Re8 14. Rc1 Qe6 15. Qa4 Nc6 16. Qxe4 Nxe5 17. Rfd1 Nc6 18. Qxe6 Bxe6 19. Bf3 Bxa2 20. Rd7 Rab8 21. Rxb7 Rxb7 22. Bxc6 Reb8 23. Bxb7 Rxb7 24. f3 f6 25. Kf2 Kf7 26. Bd4 Rd7 27. Ke3 a6 28. Rc6 Re7+ 29. Kd2 Re6 30. Rc7+ Re7 31. Rc1 Bd5 32. Be3 Rd7 33. Ke2 Ke6 34. g4 Rb7 35. Bd4 Rb3 36. Bc3 Rb7 37. Kf2 Rd7 38. Re1+ Kf7 39. h4 Bc6 40. Kg3 Rd3 41. Rf1 h6 42. Kg2 g5 43. hxg5 hxg5 44. Rf2 Kg6 45. Kg3 Bd5 46. Kg2 Bc6 47. Rf1 f5 48. gxf5+ Kxf5 49. Kg3 g4 50. Kh4 gxf3 51. Kg3 Bd5 52. Re1 Be4 53. Ra1 Rd6 54. Ra5+ Kg6 55. Re5 Bc6 56. Kf2 Bb5 57. Kxf3 Rf6+ 58. Kg3 Rf5 59. Re7 Rg5+ 60. Kf4 Rf5+ 61. Ke4 Rg5 62. Rg7+ Kh5 63. Rc7 Kg4 64. Bd2 Rg6 65. Bf4 Rg8 66. Be5 Rg6 67. Rc2 Bc6+ 68. Kd4 Kf5 69. Rf2+ Ke6 70. Bh2 Rg4+ 71. Kc5 Bb5 72. Rd2 Kf5 73. Bd6 Re4 74. Kb6 Rc4 75. Bc5 Ke4 76. b4 Rc3 77. Ra2 Rc4 78. Re2+ Kd3 79. Re7 Kc2 80. Re3 Kd2 81. Ra3 Kc2 82. Rxa6 Bxa6 83. Kxa6 Rxb4 84. Bxb4 1/2-1/2


[Site "https://www.chess.com"]

[Event "Titled Tuesday Blitz November 07 Late 2023"]
[White "Cristi_Coca"]
[Black "Ardila, Oscar Humberto"]
[BlackFideId "4404742"]
[WhiteElo "2477"]
[BlackElo "2325"]
[Result "1-0"]
[Round "6"]
[TimeControl "180+1"]
[Date "2023.11.07"]
[WhiteClock "0:00:20"]
[BlackClock "0:00:00"]
[Board "100"]

1. e4 e5 2. Nf3 Nf6 3. Nc3 Nc6 4. Bc4 Bb4 5. d3 d6 6. O-O O-O 7. Ne2 Nh5 8. Ng3 Nxg3 9. hxg3 h6 10. c3 Ba5 11. a4 a6 12. b4 Bb6 13. a5 Ba7 14. Qb3 Qf6 15. Bd5 Ne7 16. Bc4 c6 17. Re1 Bd7 18. Be3 Bxe3 19. Rxe3 Rfe8 20. d4 Ng6 21. d5 Rac8 22. Rd1 cxd5 23. Bxd5 Bc6 24. c4 Bxd5 25. exd5 Nf8 26. Nd2 Nd7 27. Ne4 Qe7 28. g4 g6 29. Rf3 Kg7 30. Rc1 Rf8 31. c5 dxc5 32. d6 Qe6 33. Qxe6 fxe6 34. Rxf8 Kxf8 35. bxc5 Kf7 36. Kf1 Nf6 37. Nxf6 Kxf6 38. Ke2 e4 39. Ke3 Ke5 40. Rd1 Rd8 41. Rd4 Rd7 42. f4+ exf3 43. gxf3 h5 44. f4+ Kf6 45. g5+ Kf5 46. Re4 h4 47. Re5+ Kg4 48. Rxe6 h3 49. Kf2 Rh7 50. Kg1 h2+ 51. Kh1 Kg3 52. Re7 Rh4 53. d7 Rxf4 54. Re3+ Kf2 55. Rd3 Rg4 56. d8=Q Rg1+ 57. Kxh2 Rg2+ 58. Kh3 Rg1 59. Qd4+ Ke2 60. Qxg1 Kxd3 61. Qb1+ Kd4 62. Qxg6 Kxc5 63. Qb6+ Kc4 64. Qxb7 Kc5 65. Qxa6 Kb4 66. Qb6+ Ka3 67. a6 1-0


[Site "https://www.chess.com"]

[Event "Titled Tuesday Blitz November 07 Late 2023"]
[White "victormago"]
[Black "Garrido, Denis"]
[BlackFideId "601217"]
[WhiteElo "2461"]
[BlackElo "2319"]
[Result "1-0"]
[Round "6"]
[TimeControl "180+1"]
[Date "2023.11.07"]
[WhiteClock "0:00:42"]
[BlackClock "0:00:29"]
[Board "101"]

1. d4 d5 2. c4 c6 3. Nc3 Nf6 4. cxd5 cxd5 5. Bf4 Nc6 6. e3 a6 7. Bd3 Bg4 8. Nge2 e6 9. O-O Be7 10. Rc1 O-O 11. a3 Rc8 12. f3 Bh5 13. Qd2 Bg6 14. Bxg6 hxg6 15. b4 Nh5 16. Na4 Nxf4 17. Nxf4 Bd6 18. Nd3 Na7 19. Nac5 Qe7 20. f4 Nb5 21. Qb2 Bb8 22. Rc2 Nd6 23. Ne5 b6 24. Nxa6 Qa7 25. Nxb8 Rxc2 26. Qxc2 Rxb8 27. Nc6 Qc7 28. Rc1 Rc8 29. a4 Nc4 30. Ne5 Qa7 31. Qb3 Qa6 32. b5 Qa5 33. h3 Qd2 34. Rc3 g5 35. fxg5 Rc7 36. Kh2 Ra7 37. Nxc4 dxc4 38. Rxc4 Qf2 39. Rc6 Qf5 40. Rxb6 Qxg5 41. Rc6 e5 42. b6 exd4 43. exd4 Qf4+ 44. Qg3 1-0


[Site "https://www.chess.com"]

[Event "Titled Tuesday Blitz November 07 Late 2023"]
[White "Ahmad, Khagan"]
[Black "Romero Ruscalleda, Josep"]
[WhiteFideId "13431552"]
[BlackFideId "2231859"]
[WhiteElo "2460"]
[BlackElo "2318"]
[Result "1-0"]
[Round "6"]
[TimeControl "180+1"]
[Date "2023.11.07"]
[WhiteClock "0:00:55"]
[BlackClock "0:00:09"]
[Board "102"]

1. e4 g6 2. d4 Bg7 3. Nc3 d6 4. Be3 a6 5. g4 b5 6. h4 Bb7 7. Bg2 b4 8. Nce2 Nf6 9. Ng3 e5 10. g5 Nfd7 11. f4 exf4 12. Bxf4 Nc6 13. N1e2 Qe7 14. h5 O-O 15. Qd2 f6 16. hxg6 hxg6 17. O-O-O Nb6 18. gxf6 Qxf6 19. Rhg1 Nc4 20. Qd3 N6a5 21. e5 dxe5 22. Bxb7 exf4 23. Ne4 Qb6 24. Bd5+ Rf7 25. Ng5 Ne3 26. Bxf7+ Kf8 27. Bxg6 Nxd1 28. Kxd1 Qd6 29. d5 Re8 30. Qf5+ Bf6 31. Nh7+ Kg7 32. Bxe8+ 1-0


[Site "https://www.chess.com"]

[Event "Titled Tuesday Blitz November 07 Late 2023"]
[White "szachmistrz2500"]
[Black "Belanoff, Ted"]
[BlackFideId "2070588"]
[WhiteElo "2450"]
[BlackElo "2297"]
[Result "1-0"]
[Round "6"]
[TimeControl "180+1"]
[Date "2023.11.07"]
[WhiteClock "0:00:27"]
[BlackClock "0:00:10"]
[Board "103"]

1. Nf3 b5 2. g3 Bb7 3. Bg2 g6 4. d3 Bg7 5. e4 a6 6. O-O c5 7. Qe2 Nc6 8. c3 e6 9. Re1 Nge7 10. Nbd2 O-O 11. Nf1 d5 12. e5 Nb8 13. h4 Nd7 14. h5 c4 15. d4 f5 16. exf6 Bxf6 17. Qxe6+ Rf7 18. Ng5 Bxg5 19. Bxg5 Nf8 20. Qe2 Qd7 21. Nh2 gxh5 22. Qxh5 Qf5 23. Ng4 Kh8 24. Re5 Qg6 25. Qxg6 Nexg6 26. Rxd5 Bxd5 27. Bxd5 Rf5 28. Bf6+ Rxf6 29. Nxf6 Rb8 30. a3 Kg7 31. Ng4 Nd7 32. Re1 Nb6 33. Bg2 Na4 34. Re2 a5 35. Bc6 Rb6 36. Be8 Nf8 37. Ne5 Ng6 38. f4 Re6 39. Bxb5 Nb6 40. f5 Nxe5 41. dxe5 Rh6 42. f6+ Kf7 43. e6+ Kxf6 44. e7 1-0


[Site "https://www.chess.com"]

[Event "Titled Tuesday Blitz November 07 Late 2023"]
[White "Ruge, Edison"]
[Black "ExchangeAB"]
[WhiteFideId "4401000"]
[WhiteElo "2294"]
[BlackElo "2446"]
[Result "1-0"]
[Round "6"]
[TimeControl "180+1"]
[Date "2023.11.07"]
[WhiteClock "0:00:54"]
[BlackClock "0:00:06"]
[Board "104"]

1. e4 c6 2. d3 d5 3. Nd2 dxe4 4. dxe4 e5 5. Ngf3 Qc7 6. Bc4 h6 7. O-O Nf6 8. Nh4 g6 9. h3 Bg7 10. Qf3 a5 11. a4 Nbd7 12. Bxf7+ Kxf7 13. Qb3+ Ke8 14. Nxg6 Nc5 15. Qc4 b6 16. Nxh8 Be6 17. Qe2 Bxh8 18. Nc4 Rd8 19. Bxh6 Rd4 20. Nd2 Ncxe4 21. Nxe4 Rxe4 22. Qa6 Kf7 23. Rfe1 Rxe1+ 24. Rxe1 Bg7 25. Be3 Nd5 26. Bd2 Nb4 27. Qe2 Kg8 28. c3 Nd5 29. c4 Nb4 30. Bxb4 axb4 31. b3 c5 32. Qe4 Bc8 33. Qd5+ Qf7 34. Qd8+ Qf8 35. Qxb6 Kh7 36. Re4 Bf6 37. a5 Bf5 38. Qb7+ Kg6 39. Re3 Qd6 40. Rg3+ Kh6 41. Qd5 Qxd5 42. cxd5 Bc8 43. d6 Ba6 44. Rg8 c4 45. bxc4 b3 46. Rb8 Bxc4 47. d7 b2 48. Rxb2 Be6 49. Rb6 1-0


[Site "https://www.chess.com"]

[Event "Titled Tuesday Blitz November 07 Late 2023"]
[White "Sarkar, Justin"]
[Black "Akhayan, Ruben"]
[WhiteFideId "2010011"]
[BlackFideId "204439"]
[WhiteElo "2243"]
[BlackElo "2442"]
[Result "0-1"]
[Round "6"]
[TimeControl "180+1"]
[Date "2023.11.07"]
[WhiteClock "0:00:00"]
[BlackClock "0:02:37"]
[Board "105"]

1. e4 e5 2. Nf3 Nc6 3. Bb5 a6 4. Ba4 Nf6 5. O-O Be7 6. Re1 b5 7. Bb3 O-O 8. c3 d5 9. exd5 Nxd5 10. Nxe5 Nxe5 11. Rxe5 Nf6 12. d4 Bd6 13. Re1 Ng4 14. h3 Qh4 15. Qf3 Nxf2 16. Qxf2 Bh2+ 17. Kf1 Bg3 18. Qe2 Bxh3 19. gxh3 Rae8 20. Qxe8 Qxh3+ 0-1


[Site "https://www.chess.com"]

[Event "Titled Tuesday Blitz November 07 Late 2023"]
[White "Kovalevsky, Stanislav"]
[Black "Kniazev, Igor"]
[WhiteFideId "13508598"]
[BlackFideId "4136349"]
[WhiteElo "2442"]
[BlackElo "2218"]
[Result "1-0"]
[Round "6"]
[TimeControl "180+1"]
[Date "2023.11.07"]
[WhiteClock "0:00:15"]
[BlackClock "0:00:11"]
[Board "106"]

1. e4 e5 2. Nf3 Nf6 3. Nc3 Bb4 4. Bd3 Nc6 5. O-O O-O 6. a3 Be7 7. b4 d6 8. h3 a6 9. Bb2 Nd4 10. Nd5 Ne6 11. Nxe7+ Qxe7 12. Bc4 Nf4 13. Re1 b5 14. Bf1 h6 15. d4 Nh7 16. dxe5 dxe5 17. Bxe5 Rd8 18. Qc1 Ng6 19. Bg3 Bb7 20. c4 c5 21. cxb5 cxb4 22. bxa6 Bxa6 23. Bxa6 Rxa6 24. axb4 Rxa1 25. Qxa1 Qxb4 26. e5 Ng5 27. Nxg5 hxg5 28. e6 fxe6 29. Rxe6 Qb3 30. Rd6 Rxd6 31. Bxd6 Nf4 32. Qa8+ Kh7 33. Bxf4 Qb1+ 34. Kh2 gxf4 35. Qd5 Qb8 36. Qh5+ Kg8 37. f3 Qd6 38. Qf5 Qc7 39. h4 Qd6 40. Kh3 g6 41. Qc8+ Kh7 42. Kg4 Qf6 43. Qd7+ Kh6 44. Qc8 Kh7 45. Qd7+ Kh6 46. Qc8 Qe5 47. Qd7 Qh5+ 48. Kh3 Qxh4+ 49. Kxh4 g5+ 50. Kg4 Kg6 51. Qe6+ Kg7 52. Kxg5 Kf8 53. Qd7 Kg8 54. Kg6 Kf8 55. Qf7# 1-0


[Site "https://www.chess.com"]

[Event "Titled Tuesday Blitz November 07 Late 2023"]
[White "Chemin, Justo Reinaldo"]
[Black "Estrada Nieto, Julian"]
[WhiteFideId "2101580"]
[BlackFideId "5101018"]
[WhiteElo "2211"]
[BlackElo "2437"]
[Result "0-1"]
[Round "6"]
[TimeControl "180+1"]
[Date "2023.11.07"]
[WhiteClock "0:00:05"]
[BlackClock "0:00:28"]
[Board "107"]

1. e4 e5 2. Nf3 Nc6 3. Bb5 a6 4. Ba4 Nf6 5. d3 d6 6. Nc3 g6 7. h3 Bg7 8. Be3 O-O 9. Qd2 b5 10. Bb3 Na5 11. Bh6 Nxb3 12. axb3 Bb7 13. Bxg7 Kxg7 14. O-O Nh5 15. Nh2 f5 16. Rae1 Nf4 17. Ne2 fxe4 18. Nxf4 Rxf4 19. g3 Rf7 20. dxe4 Bc8 21. g4 Be6 22. f4 exf4 23. Rxf4 Qe7 24. Ref1 Raf8 25. Rxf7+ Rxf7 26. Rxf7+ Bxf7 27. Qd4+ Qf6 28. Nf3 c5 29. Qxf6+ Kxf6 30. Kf2 a5 31. Ke3 h6 32. Ng1 Be6 33. Ne2 Kg5 34. Nf4 Bf7 35. Ng2 Be8 36. Kf3 Bc6 37. h4+ Kf6 38. Ke3 g5 39. h5 Ke5 40. c3 Bxe4 41. Ne1 d5 42. b4 axb4 43. cxb4 cxb4 44. Nd3+ Bxd3 45. Kxd3 d4 46. b3 Kd5 47. Kd2 Ke4 48. Ke2 d3+ 49. Kd2 Kd4 50. Kd1 Kc3 51. Kc1 Kxb3 52. Kd2 Kc4 0-1


[Site "https://www.chess.com"]

[Event "Titled Tuesday Blitz November 07 Late 2023"]
[White "Pace, Christopher"]
[Black "Modric, Nesa"]
[WhiteFideId "2610167"]
[BlackFideId "922579"]
[WhiteElo "2428"]
[BlackElo "2192"]
[Result "1-0"]
[Round "6"]
[TimeControl "180+1"]
[Date "2023.11.07"]
[WhiteClock "0:00:06"]
[BlackClock "0:00:00"]
[Board "108"]

1. e4 d5 2. exd5 Qxd5 3. Nc3 Qa5 4. d4 c6 5. Bc4 Bf5 6. Nf3 Nf6 7. Bd2 e6 8. Nd5 Qd8 9. Nxf6+ gxf6 10. Nh4 Qxd4 11. Nxf5 Qxc4 12. Ne3 Qb5 13. Bc3 Be7 14. Qf3 Nd7 15. O-O-O O-O-O 16. Rhe1 Rhg8 17. g3 f5 18. Nxf5 Bg5+ 19. Ne3 Ne5 20. Rxd8+ Rxd8 21. Bxe5 Qxe5 22. Qxf7 Qd4 23. Kb1 Kb8 24. Qxe6 Qd2 25. Rc1 Bxe3 26. Qxe3 Qd6 27. a3 Rf8 28. f4 a6 29. Re1 Ka8 30. Qe5 Qd2 31. Qe7 Rb8 32. Rc1 Qxh2 33. Qg7 h5 34. f5 Qf2 35. f6 1-0


[Site "https://www.chess.com"]

[Event "Titled Tuesday Blitz November 07 Late 2023"]
[White "Vila Dupla, Aurelio"]
[Black "Makaraci, Tunahan"]
[WhiteFideId "2203383"]
[BlackFideId "6356559"]
[WhiteElo "2192"]
[BlackElo "2427"]
[Result "0-1"]
[Round "6"]
[TimeControl "180+1"]
[Date "2023.11.07"]
[WhiteClock "0:01:48"]
[BlackClock "0:02:49"]
[Board "109"]

1. Nf3 d5 2. d4 c5 3. c4 e6 4. cxd5 exd5 5. g3 Nc6 6. Bg2 Nf6 7. O-O cxd4 8. Nxd4 Bc5 9. Nxc6 bxc6 10. Nc3 O-O 11. b3 Re8 12. Bb2 Ba6 13. Re1 Bxf2+ 14. Kxf2 Ng4+ 15. Kg1 Qb6+ 16. e3 Rxe3 0-1


[Site "https://www.chess.com"]

[Event "Titled Tuesday Blitz November 07 Late 2023"]
[White "Oliveira, Tiago Batista"]
[Black "Villarreal, Agustin"]
[WhiteFideId "2108291"]
[BlackFideId "125687"]
[WhiteElo "2071"]
[BlackElo "2426"]
[Result "0-1"]
[Round "6"]
[TimeControl "180+1"]
[Date "2023.11.07"]
[WhiteClock "0:00:04"]
[BlackClock "0:02:20"]
[Board "110"]

1. d4 d5 2. c4 e6 3. Nf3 Nf6 4. g3 Be7 5. Bg2 O-O 6. O-O c6 7. Nbd2 b6 8. Qc2 Ba6 9. Rd1 Nbd7 10. b3 Rc8 11. e4 c5 12. e5 Ne8 13. dxc5 Bxc5 14. Bb2 Nc7 15. Rac1 Qe7 16. Qb1 Rfd8 17. h4 h6 18. Bf1 Bb7 19. Bc3 a5 20. Bd3 Rf8 21. Bh7+ Kh8 22. cxd5 Nxd5 23. Ne4 Nxc3 24. Rxc3 Bxe4 25. Bxe4 Bxf2+ 26. Kxf2 Rxc3 27. Qb2 Qc5+ 28. Kg2 Nxe5 29. Nxe5 Qxe5 30. Re1 Rxg3+ 0-1


[Site "https://www.chess.com"]

[Event "Titled Tuesday Blitz November 07 Late 2023"]
[White "Polaczek, Richard"]
[Black "Aung Thant Zin"]
[WhiteFideId "200026"]
[BlackFideId "13000063"]
[WhiteElo "2424"]
[BlackElo "2028"]
[Result "0-1"]
[Round "6"]
[TimeControl "180+1"]
[Date "2023.11.07"]
[WhiteClock "0:00:18"]
[BlackClock "0:00:56"]
[Board "111"]

1. d4 Nf6 2. Bg5 Ne4 3. Bf4 d5 4. e3 e6 5. Bd3 f5 6. Nf3 Bd6 7. O-O O-O 8. c4 Bxf4 9. exf4 c6 10. b3 Bd7 11. Ne5 Be8 12. Be2 Nd7 13. Nd2 Nxe5 14. fxe5 Nc3 15. Qe1 dxc4 16. Bxc4 Bf7 17. Nf3 Ne4 18. Qb4 Rb8 19. Rad1 Re8 20. Rde1 a5 21. Qa3 Bh5 22. Re3 Bxf3 23. gxf3 Qg5+ 24. Kh1 Nxf2+ 25. Rxf2 Qxe3 26. Qb2 Rbd8 27. Qd2 Qxd4 28. Qxd4 Rxd4 0-1


[Site "https://www.chess.com"]

[Event "Titled Tuesday Blitz November 07 Late 2023"]
[White "Lamard, Guillaume"]
[Black "Bueno, Alfeu Junior Varela"]
[WhiteFideId "600261"]
[BlackFideId "2108879"]
[WhiteElo "2626"]
[BlackElo "2321"]
[Result "1-0"]
[Round "6"]
[TimeControl "180+1"]
[Date "2023.11.07"]
[WhiteClock "0:01:19"]
[BlackClock "0:00:17"]
[Board "112"]

1. e4 e6 2. d4 d5 3. Nd2 Nf6 4. e5 Nfd7 5. Bd3 c5 6. c3 Nc6 7. Ne2 cxd4 8. cxd4 f6 9. f4 fxe5 10. fxe5 Nxd4 11. O-O Nxe5 12. Nxd4 Nxd3 13. N2b3 Nxc1 14. Qh5+ g6 15. Qe5 Rg8 16. Nxe6 Bd6 17. Ng7+ Kd7 18. Rf7+ Kc6 19. Rxc1+ Kb6 20. Qd4+ Ka6 21. Qa4+ 1-0


[Site "https://www.chess.com"]